 Dungeon Crawl Stone Soup version 0.31.0-9-g3a7656b989 (webtiles) character file.

Game seed: 14580588025063191949

1135 qw the Skirmisher (level 8, -3/46 HPs)
             Began as a Deep Elf Hunter on Feb 2, 2024.
             Was a Follower of Okawaru.
             Slain by a hound (5 damage)
             ... on level 5 of the Dungeon.
             The game lasted 00:00:18 (3892 turns).

qw the Skirmisher (Deep Elf Hunter)                 Turns: 3892, Time: 00:00:18

Health: -3/46      AC:  8    Str: 10    XL:     8   Next: 14%
Magic:  10/10      EV: 11    Int: 15    God:    Okawaru [*.....]
Gold:   202        SH:  0    Dex: 18    Spells: 7/7 levels left

rFire   . . .        i - +2 sling (heavy)
rCold   . . .        (no shield)
rNeg    . . .        g - +0 ring mail
rPois   .            (no helmet)
rElec   .            e - +0 cloak
rCorr   .            b - +1 pair of gloves
SInv    .            (no boots)
Will    .....        (no amulet)
Stlth   +            (no ring)
HPRegen 0.27/turn    (no ring)
MPRegen 0.12/turn

%: no passive effects
@: about to teleport, hasted, very quick
A: no striking features
a: Renounce Religion, Heroism


You were on level 5 of the Dungeon.
You worshipped Okawaru.
Okawaru was aware of your devotion.
You visited 2 branches of the dungeon, and saw 6 of its levels.

You collected 202 gold pieces.


   Skills:
 - Level 3.3 Fighting
 - Level 12.0 Ranged Weapons
 - Level 1.8 Armour
 + Level 3.3 Dodging
 - Level 1.2 Stealth
 + Level 0.0 Invocations


You had 7 spell levels left.
You didn't know any spells.
Your spell library was empty.

Inventory:

Hand Weapons
 i - a +2 heavy sling (weapon)
Armour
 a - the +3 pair of gloves of Youthful Indiscretion {Harm}
   (You acquired it on level 2 of the Dungeon)

   Harm:      It increases damage dealt and taken.
 b - a +1 pair of gloves (worn)
 e - a +0 cloak (worn)
 g - a +0 ring mail (worn)
Jewellery
 f - a ring of ice
Wands
 h - a wand of paralysis (10)
Potions
 c - a potion of lignification {unknown}

Dungeon Overview and Level Annotations

Branches:
Dungeon (5/15)             Temple (1/1) D:4

Altars:
Dithmenos
Elyvilon
Fedhas
Hepliaklqana
Kikubaaqudgha
Makhleb
Nemelex Xobeh
Okawaru
Qazlal
Ru
Sif Muna
Trog
Uskayaw
Xom
Yredelemnul
Zin
The Shining One

Annotations:
D:4 1 runed translucent door, qw's ghost, amateur DEHu
D:5 2 transporters, qw's ghost, novice GrHu


Message History

The ufetubus hits you but does no damage.
The ufetubus closely misses you.
Your Fighting skill increases to level 3!
You have reached level 8!
You feel clever.
You shoot a sling bullet.
The sling bullet completely misses the hound.
The sling bullet hits the ufetubus.
The ufetubus is lightly wounded.
The ufetubus hits you but does no damage.
The ufetubus barely misses you. The hound bites you.
3888 ||| READING scroll of teleportation.
As you read the scroll of teleportation, it crumbles to dust.
You feel strangely unstable. The ufetubus misses you.
The ufetubus barely misses you. The hound barely misses you.
You shoot a sling bullet. The sling bullet hits the hound.
The hound is heavily wounded.
The ufetubus barely misses you. x2; The hound bites you.
You shoot a sling bullet.
The sling bullet barely misses the hound.
The sling bullet barely misses the ufetubus.
The sling bullet hits the sleepcap.
The sleepcap is moderately damaged.
The ufetubus barely misses you. x2; The hound closely misses you.
The ufetubus hits you but does no damage.
The ufetubus hits you.
You shoot a sling bullet.
The sling bullet barely misses the hound.
The sling bullet hits the ufetubus but does no damage.
The ufetubus is lightly wounded.
The hound bites you.
An orc comes into view. It is wielding a +0 mace.
The ufetubus hits you. The ufetubus misses you.
Qw's ghost effortlessly reloads its weapon.
The hound closely misses you.
You shoot a sling bullet.
The sling bullet hits the hound but does no damage.
The hound is heavily wounded.
The ufetubus closely misses you. x2; The hound bites you.
You die...

#.....# #..........
#.....# #..........
#.....# #.........^
#....h# #.....#####
#.....###....##8...
.##.....##..#..#h....
........o#..##..#wD#..
#..........###..#W#...
#...###.%f5h@5..#l...^.
#... #...#####..#.#....
#... #.#.#......#..#...
#.. ...#.#.#....#......
.####.# #.#..##8..[$ .
#.# #.#...###### #.
#.#..)....^. #
#......... #<#.###..#


You could see a black bear, an acid dragon, a sleepcap, a ribbon worm, an
iguana, a hound, qw's ghost, 2 ufetubi and an orc.

Vanquished Creatures
  Grinder (D:4)
  A wyvern (D:5)
  2 black bears
  A phantom (D:4)
  A bullfrog (D:4)
  A hound (D:5)
  2 orc priests (D:4)
  3 iguanas
  Natasha (thrice) (D:2)
  4 gnolls (D:2)
  9 adders
  2 ufetubi (D:5)
  2 dart slugs
  A ribbon worm (D:2)
  7 orcs
  6 endoplasms
  6 giant cockroaches
  8 goblins
  9 hobgoblins
  4 jackals
  4 quokkas
  7 ball pythons
  4 bats
  6 frilled lizards
  4 kobolds
  A rat (D:1)
99 creatures vanquished.

Notes
Turn   | Place    | Note
-------+----------+-------------------------------------------
     0 | D:1      | qw the Deep Elf Hunter began the quest for the Orb.
     0 | D:1      | Reached XP level 1. HP: 12/12 MP: 3/3
     0 | D:1      | 0 ||| qw: Version: 0.3-a-155-g5e7d8dd
     0 | D:1      | 0 ||| qw: Game counter: 2251
     0 | D:1      | 0 ||| qw: Melee chars always use a shield: true
     0 | D:1      | 0 ||| qw: God list: Okawaru
     0 | D:1      | 0 ||| qw: Allow faded altars: false
     0 | D:1      | 0 ||| qw: Do Orc after clearing Dungeon:15 true
     0 | D:1      | 0 ||| qw: Do second Lair branch before Depths: true
     0 | D:1      | 0 ||| qw: Lair rune preference: random
     0 | D:1      | 0 ||| qw: Goals: Normal
     0 | D:1      | 0 ||| PLANNING D:1-11
    89 | D:1      | Reached XP level 2. HP: 16/16 MP: 4/4
    96 | D:1      | Reached skill level 6 in Ranged Weapons
   270 | D:1      | Found a faded altar of an unknown god.
   486 | D:1      | 486 ||| READING scroll labelled BAEGUM MEADD.
   486 | D:1      | 486 ||| ENCHANTING +0 shortbow.
   487 | D:1      | 487 ||| DRINKING 2 glowing golden potions.
   488 | D:1      | 488 ||| DROPPING scroll of butterflies.
   502 | D:2      | Noticed Natasha
   506 | D:2      | Killed Natasha
   507 | D:2      | Reached skill level 7 in Ranged Weapons
   507 | D:2      | Reached XP level 3. HP: 20/20 MP: 5/5
   595 | D:2      | 595 ||| RETREEEEATING.
   596 | D:2      | 596 ||| RETREEEEATING.
   597 | D:2      | 597 ||| RETREEEEATING.
   599 | D:2      | 599 ||| RETREEEEATING.
   600 | D:2      | 600 ||| RETREEEEATING.
   606 | D:2      | Reached XP level 4. HP: 25/25 MP: 6/6
   687 | D:2      | Noticed Natasha
   694 | D:2      | Killed Natasha
   695 | D:2      | Reached skill level 8 in Ranged Weapons
   793 | D:2      | Reached XP level 5. HP: 23/29 MP: 7/7
   816 | D:2      | Noticed Natasha
   820 | D:2      | Killed Natasha
  1056 | D:2      | 1056 ||| SWAPPING to +2 heavy sling.
  1057 | D:2      | 1057 ||| DROPPING +0 shortbow.
  1240 | D:2      | Reached skill level 9 in Ranged Weapons
  1315 | D:2      | 1315 ||| UPGRADING to +0 pair of gloves.
  1320 | D:2      | 1320 ||| UPGRADING to +0 ring mail.
  1330 | D:2      | 1330 ||| DROPPING +0 leather armour.
  1331 | D:2      | 1331 ||| READING scroll labelled HELACUAFUW.
  1331 | D:2      | Identified a scroll of acquirement
  1331 | D:2      | 1331 ||| ACQUIRING +3 pair of gloves of Youthful
                  | Indiscretion {Harm}
  1331 | D:2      | Acquired the +3 pair of gloves of Youthful Indiscretion
                  | {Harm}
  1333 | D:2      | 1333 ||| READING scroll labelled SYODOE ZOORGH.
  1434 | D:2      | 1434 ||| READING scroll labelled WOVIEZ ENUESK.
  1795 | D:3      | HP: 4/30 [iguana (11)]
  2312 | D:3      | 2312 ||| UPGRADING to +0 cloak.
  2317 | D:3      | 2317 ||| READING scroll labelled CUGHOYTALI.
  2318 | D:3      | 2318 ||| READING scroll labelled ZOMIOSCH FEIHI.
  2366 | D:4      | Noticed Grinder
  2367 | D:4      | 2367 ||| DRINKING 2 potions of haste.
  2369 | D:4      | Paralysed by Grinder for 2 turns
  2370 | D:4      | Noticed a black bear
  2380 | D:4      | Killed a black bear
  2381 | D:4      | Reached skill level 1 in Armour
  2381 | D:4      | Reached XP level 6. HP: 21/35 MP: 8/8
  2382 | D:4      | Killed Grinder
  2383 | D:4      | Reached skill level 10 in Ranged Weapons
  2383 | D:4      | Reached XP level 7. HP: 14/40 MP: 9/9
  2407 | D:4      | 2407 ||| FLEEEEING.
  2408 | D:4      | 2408 ||| FLEEEEING.
  2514 | D:4      | Reached skill level 3 in Dodging
  2576 | D:4      | 2576 ||| READING scroll of enchant armour.
  2576 | D:4      | 2576 ||| ENCHANTING +0 pair of gloves.
  2857 | D:4      | Found a staircase to the Ecumenical Temple.
  2858 | D:4      | 2858 ||| PLANNING TEMPLE
  2866 | Temple   | Entered the Ecumenical Temple
  2867 | Temple   | 2867 ||| PLANNING OKAWARU WORSHIP
  2872 | Temple   | Became a worshipper of Warmaster Okawaru
  2873 | Temple   | 2873 ||| PLANNING D:1-11
  3180 | D:4      | Reached skill level 11 in Ranged Weapons
  3200 | D:4      | Found a glowing silver altar of Zin.
  3493 | D:4      | Found a stormy altar of Qazlal.
  3504 | D:4      | Found a runed translucent door.
  3504 | D:4      | Noticed qw's ghost (amateur DEHu)
  3651 | D:4      | 3651 ||| READING scroll labelled SOGAJUNOUPH.
  3652 | D:4      | 3652 ||| READING scroll labelled ICACIC TUITEC.
  3653 | D:4      | 3653 ||| READING 2 scrolls labelled XANUALUGAP.
  3714 | D:5      | Entered Level 5 of the Dungeon
  3715 | D:5      | 3715 ||| PLANNING SEWER
  3719 | D:5      | Found a transporter.
  3719 | D:5      | Noticed qw's ghost (novice GrHu)
  3722 | D:5      | Found a transporter.
  3853 | D:5      | 3853 ||| RETREEEEATING.
  3853 | D:5      | Noticed a wyvern
  3854 | D:5      | 3854 ||| RETREEEEATING.
  3855 | D:5      | 3855 ||| RETREEEEATING.
  3856 | D:5      | 3856 ||| RETREEEEATING.
  3857 | D:5      | 3857 ||| RETREEEEATING.
  3858 | D:5      | 3858 ||| RETREEEEATING.
  3859 | D:5      | 3859 ||| RETREEEEATING.
  3860 | D:5      | 3860 ||| RETREEEEATING.
  3861 | D:5      | 3861 ||| RETREEEEATING.
  3862 | D:5      | 3862 ||| RETREEEEATING.
  3863 | D:5      | 3863 ||| RETREEEEATING.
  3864 | D:5      | 3864 ||| RETREEEEATING.
  3865 | D:5      | 3865 ||| RETREEEEATING.
  3866 | D:5      | 3866 ||| RETREEEEATING.
  3867 | D:5      | 3867 ||| RETREEEEATING.
  3868 | D:5      | 3868 ||| DRINKING potion of haste.
  3880 | D:5      | Reached skill level 12 in Ranged Weapons
  3886 | D:5      | Killed a wyvern
  3886 | D:5      | Reached * piety under Okawaru
  3887 | D:5      | Reached skill level 3 in Fighting
  3887 | D:5      | Reached XP level 8. HP: 13/46 MP: 10/10
  3887 | D:5      | HP: 9/46 [hound (4)]
  3888 | D:5      | 3888 ||| READING scroll of teleportation.
  3891 | D:5      | HP: 3/46 [hound (5)]
  3892 | D:5      | Slain by a hound

Levels and vault maps discovered:
D:1:      tarquinn_simple_flora_water_c, layout_rooms,
          shapermc_ecumenical_altar_mp_vishouse, serial_bayou_pond_a
D:2:      layout_loops_ring, nicolae_concentric_dashed_squares_wild,
          uniq_natasha
D:3:      layout_basic
D:4:      layout_layer_cave, mainiacjoe_overflow_six_doors_small,
          kennysheep_mini_moat, minmay_temple_entry_antechambers,
          gammafunk_ghost_grave, uniq_grinder
D:5:      layout_basic, kennysheep_slug_shrine, general_overflow_altar,
          gammafunk_ghost_arena, cheibrodos_sewer_entry_drain,
          chequers_serial_rivers_micro_e
Temple:   hellmonk_temple_two_chambers

Skill      XL: |  1  2  3  4  5  6  7 |
---------------+----------------------+-----
Ranged Weapons | 7 8 9 10 12 | 12.0
Fighting       | 2 3 |  3.3
Armour         | 1 |  1.8
Dodging        | 3 |  3.3
Stealth        | |  1.2

Action                     |  1- 3 |  4- 6 |  7- 9 || total
---------------------------+-------+-------+-------++-------
   Fire: Shortbow          |    82 |    50 |       ||   132
         Sling             |       |    46 |    90 ||   136
    Use: Scroll            |     1 |     5 |     5 ||    11
         Potion            |     1 |     1 |     1 ||     3
 Armour: Leather armour    |    12 |     9 |       ||    21
         Ring mail         |       |    12 |    54 ||    66
  Dodge: Dodged            |    23 |    18 |    53 ||    94

Table legend:
 A = Non-vault XP
 B = Vault XP
 C = Vault XP percentage of total XP
 D = Non-vault monster count
 E = Vault monster count
 F = Vault count percentage of total count
                 A         B        C        D         E       F
            +---------+---------+-------+---------+---------+-------
      Total |    1277 |     345 |  21.3 |      95 |       4 |   4.0
            +---------+---------+-------+---------+---------+-------
        D:1 |      37 |       0 |   0.0 |      23 |       0 |   0.0
        D:2 |     205 |      35 |  14.6 |      24 |       1 |   4.0
        D:3 |      68 |       0 |   0.0 |      12 |       0 |   0.0
        D:4 |     500 |     304 |  37.8 |      27 |       1 |   3.6
        D:5 |     467 |       6 |   1.3 |       9 |       2 |  18.2
            +---------+---------+-------+---------+---------+-------
